Map: Terrasses de Prion

Players

piry - Winner!

  • Race: Terran Terran
  • League: Gold

Trayus - Winner!

  • Race: Terran Terran
  • League: Platinum

Daddy

  • Race: Zerg Zerg
  • League: Gold

FredisDrunk

  • Race: Zerg Zerg
  • League: Platinum

VOD

Have the link to the VOD?

Description

Time

  • Played on: March 20, 2016, 5:39 p.m.
  • Length: 8:26
Show
View Real Time Build Order
Export as new Build Order

piry Terran - Winner!

Build Orders: Reaper Expand 

Get SALT Encoding   

  12  0:01  SCV  
  13  0:13  SCV  
  14  0:17  Supply Depot  
  14  0:25  SCV  
  15  0:39  SCV  
  15  0:40  Barracks  
  16  0:47  Refinery  
  16  0:53  SCV  
  17  1:06  SCV  
  18  1:18  SCV  
  19  1:31  Reaper, Orbital Command  
  20  1:42  Command Center  
  20  1:49  Refinery  
  20  1:55  Supply Depot  
  20  2:00  SCV  
  21  2:08  Marine  
  22  2:18  Factory  
  21  2:33  Marine  
  21  2:36  Bunker  
  22  2:51  Marine, SCV  
  22  2:58  Orbital Command  
  23  3:03  Factory Tech Lab  
  23  3:06  Starport  
  23  3:09  SCV  
  24  3:13  Barracks Reactor  
  24  3:22  SCV  
  24  3:24  SCV  
  24  3:27  Siege Tank  
  29  3:35  SCV  
  28  3:53  Marine x2  
  28  3:54  Medivac  
  26  3:59  Siege Tank  
  29  4:04  Orbital Command  
  28  4:12  SCV  
  28  4:13  Bunker x2  
  28  4:15  Marine x2  
  31  4:24  SCV  
  31  4:30  Orbital Command  
  32  4:32  Siege Tank  
  32  4:37  Supply Depot  
  35  4:44  Supply Depot  
  33  4:54  Marine x2  
  33  4:57  SCV x2  
  37  5:02  Liberator  
  37  5:14  SCV  
  41  5:23  Supply Depot  
  41  5:29  Marine  
  41  5:30  Siege Tank  
  41  5:33  SCV x2  
  47  5:36  Marine  
  48  5:52  Liberator  
  48  5:55  SCV x2  
  50  5:57  Marine x2, Command Center  
  55  6:12  SCV x2  
  55  6:15  Siege Tank  
  55  6:16  Marine x2  
  62  6:21  Supply Depot  
  62  6:28  Supply Depot  
  62  6:42  Marine x2, SCV x2  
  66  6:51  Barracks  
  66  6:52  Barracks  
  66  6:53  Engineering Bay  
  66  6:55  Engineering Bay  
  66  7:19  Marine x2  
  66  7:20  Medivac  
  66  7:21  Orbital Command  
  70  7:25  Siege Tank  
  70  7:29  SCV x2  
  75  7:31  Refinery  
  75  7:32  Refinery  
  75  7:46  SCV x2  
  75  7:48  Marine x2  
  75  7:50  Barracks Tech Lab  
  79  7:51  Barracks Tech Lab  
  79  7:54  SCV  
  79  7:58  SCV  
  81  8:02  Starport Reactor  
  81  8:03  SCV  
Show
View Real Time Build Order
Export as new Build Order

Trayus Terran - Winner!

Build Orders:  

Get SALT Encoding   

  12  0:01  Drone  
  13  0:12  Overlord  
  13  0:17  Drone  
  14  0:30  Drone x2  
  16  0:53  Spawning Pool  
  16  0:55  Extractor  
  14  1:10  Hatchery  
  13  1:11  Drone  
  14  1:20  Drone x2  
  16  1:41  Zergling x4  
  16  1:44  Queen  
  20  1:57  Metabolic Boost  
  20  1:58  Overlord  
  20  2:18  Drone  
  20  2:19  Baneling Nest  
  20  2:20  Zergling x4  
  22  2:37  Zergling x2  
  22  2:38  Zergling x4  
  25  2:52  Zergling x6  
  25  2:57  Queen  
  30  3:02  Zergling x2  
  30  3:04  Baneling  
  30  3:05  Baneling  
  31  3:08  Baneling  
  31  3:09  Baneling  
  31  3:13  Zergling x2  
  31  3:14  Baneling  
  31  3:18  Baneling  
  32  3:22  Baneling  
  32  3:29  Zergling x4  
  32  3:31  Drone  
  32  3:42  Zergling x6  
  35  3:53  Baneling x3  
  35  3:55  Zergling x2  
  35  3:59  Overlord  
  35  4:03  Baneling  
  35  4:08  Drone  
  35  4:10  Baneling  
  35  4:19  Drone x2  
  35  4:20  Baneling  
  37  4:35  Drone, Roach Warren  
  37  4:37  Drone, Extractor  
  28  4:46  Zergling x2  
  28  4:47  Zergling x2  
  26  4:59  Spore Crawler  
  25  5:06  Baneling  
  25  5:07  Baneling x3  
  25  5:13  Drone x3  
  25  5:14  Overlord  
  28  5:32  Spore Crawler  
  27  5:54  Spine Crawler  
  26  6:02  Queen  
  26  6:03  Roach x2  
  26  6:04  Roach  
  35  6:12  Spine Crawler  
  35  6:16  Spine Crawler  
  31  6:20  Roach x2  
  35  6:41  Ravager  
  35  6:45  Drone x2  
  35  6:46  Drone  
  35  6:47  Drone x2  
  41  7:03  Roach x2  
  41  7:18  Zergling x4  
  43  7:24  Spore Crawler  
  38  7:36  Roach  
  42  7:37  Overlord  
  42  7:39  Overlord  
  42  7:40  Hatchery  
  37  7:57  Overlord  
Show
View Real Time Build Order
Export as new Build Order

Daddy Zerg 

Build Orders:  

Get SALT Encoding   

Show
View Real Time Build Order
Export as new Build Order

FredisDrunk Zerg 

Build Orders:  

Get SALT Encoding   

Tags
 
Add a new tag
Caveats
  • Supply blocks, unpowered buildings, or Contaminate may cause inaccurate times.
  • Supply counts are checked every 10 seconds.